Map: Ulrena

Players

Auex - Winner!

  • Race: Protoss Protoss
  • League: Diamond

LilDicky

  • Race: Terran Terran
  • League: Diamond

VOD

http://www.twitch.tv/tumescentpie

Description

Time

  • Played on: Jan. 2, 2016, 12:06 a.m.
  • Length: 7:13
Show
View Real Time Build Order
Export as new Build Order

Auex Protoss - Winner!

Build Orders:  

Get SALT Encoding   

  12  0:01  Probe (Chrono Boost)  
  13  0:11  Probe (Chrono Boost)  
  14  0:18  Pylon  
  14  0:22  Probe (Chrono Boost)  
  15  0:37  Probe (Chrono Boost)  
  15  0:39  Gateway  
  16  0:47  Probe (Chrono Boost)  
  16  0:49  Assimilator  
  17  0:58  Probe (Chrono Boost)  
  17  1:01  Assimilator  
  18  1:09  Probe (Chrono Boost)  
  19  1:19  Gateway  
  19  1:26  Probe (Chrono Boost)  
  20  1:39  Probe (Chrono Boost)  
  21  1:40  Cybernetics Core  
  21  1:50  Probe (Chrono Boost)  
  22  2:19  Pylon  
  22  2:20  Warp Gate  
  22  2:32  Nexus  
  22  2:37  Adept (Chrono Boost)  
  22  2:39  Adept (Chrono Boost)  
  27  2:45  Pylon  
  27  2:50  Mothership Core (Chrono Boost)  
  28  3:08  Probe (Chrono Boost)  
  29  3:21  Pylon  
  29  3:22  Pylon  
  29  3:32  Pylon  
  29  3:44  Probe (Chrono Boost)  
  29  3:46  Robotics Facility  
  29  3:47  Probe (Chrono Boost)  
  29  3:48  Adept  
  31  3:54  Probe (Chrono Boost)  
  32  4:00  Probe (Chrono Boost)  
  33  4:05  Probe (Chrono Boost), Forge  
  34  4:13  Probe (Chrono Boost)  
  34  4:15  Probe (Chrono Boost)  
  36  4:24  Probe (Chrono Boost)  
  35  4:26  Probe (Chrono Boost)  
  35  4:28  Pylon  
  35  4:29  Adept x2  
  40  4:34  Probe (Chrono Boost), Observer (Chrono Boost)  
  40  4:36  Probe (Chrono Boost)  
  40  4:38  Protoss Ground Armor Level 1 (Chrono Boost)  
  43  4:45  Probe  
  43  4:51  Probe  
  45  4:53  Stalker, Pylon  
  45  4:58  Probe  
  48  5:01  Stalker  
  48  5:05  Immortal  
  53  5:17  Probe x2  
  55  5:26  Adept, Assimilator  
  55  5:27  Sentry  
  55  5:28  Assimilator  
  59  5:31  Probe x2  
  61  5:35  Pylon  
  61  5:39  Pylon  
  61  5:43  Photon Cannon  
  61  5:46  Photon Cannon  
  61  5:52  Pylon  
  61  5:54  Probe  
  61  5:56  Stalker  
  65  5:59  Stalker  
  67  6:11  Gateway x2  
  66  6:22  Probe  
  66  6:23  Probe  
  68  6:28  Gateway  
  68  6:29  Gateway  
  68  6:30  Warp Prism  
  70  6:42  Pylon  
  70  6:44  Adept  
  72  6:48  Stalker  
  72  7:10  Stalker  
Show
View Real Time Build Order
Export as new Build Order

LilDicky Terran 

Build Orders: Banshee Rush 

Get SALT Encoding   

  12  0:01  SCV  
  13  0:13  SCV  
  14  0:17  Supply Depot  
  14  0:26  Refinery  
  14  0:30  SCV  
  15  0:42  SCV  
  16  0:46  Barracks  
  16  0:54  SCV  
  17  1:06  SCV  
  18  1:18  SCV  
  20  1:33  Marine  
  20  1:34  Supply Depot  
  20  1:35  Orbital Command  
  20  1:41  Refinery  
  20  1:53  Marine  
  21  2:06  Factory  
  21  2:10  SCV  
  21  2:11  Marine  
  21  2:15  Supply Depot  
  23  2:22  SCV  
  24  2:29  Marine  
  25  2:34  SCV  
  26  2:37  Supply Depot  
  26  2:47  SCV  
  26  2:48  Marine  
  26  2:51  Factory Tech Lab  
  28  2:54  Starport  
  28  3:00  SCV  
  29  3:06  Marine  
  29  3:12  SCV  
  31  3:18  Widow Mine  
  33  3:24  SCV, Supply Depot, Marine  
  32  3:46  Widow Mine  
  32  3:50  SCV, Banshee  
  32  3:51  Cloaking Field  
  34  4:00  Supply Depot  
  34  4:02  SCV  
  35  4:09  Supply Depot  
  35  4:12  Marine  
  35  4:14  SCV  
  37  4:25  Supply Depot, Barracks  
  37  4:26  SCV, Barracks  
  37  4:27  Barracks  
  38  4:34  Supply Depot  
  38  4:35  Banshee  
  42  4:39  SCV  
  42  4:45  Barracks Tech Lab  
  42  4:51  SCV  
  43  4:54  Supply Depot  
  43  5:03  SCV  
  44  5:15  SCV  
  42  5:25  Barracks Reactor, Barracks Tech Lab x2  
  42  5:27  SCV  
  43  5:39  SCV  
  43  5:42  Combat Shields  
  44  5:46  Concussive Shells, Liberator  
  44  5:51  SCV  
  45  6:00  Marine x3  
  45  6:03  SCV  
  52  6:15  SCV  
  52  6:17  Marine x2  
  52  6:18  Marine x3  
  58  6:27  SCV, Siege Tank  
  62  6:35  Marine x3  
  62  6:38  Marine x2  
  68  6:40  SCV  
  68  6:52  SCV  
  68  6:53  Marine x3  
  71  7:09  Refinery  
  71  7:10  Refinery  
Tags
 
Add a new tag
Caveats
  • Supply blocks, unpowered buildings, or Contaminate may cause inaccurate times.
  • Supply counts are checked every 10 seconds.